 Dungeon Crawl Stone Soup version 0.19.4-9-g45fd643 (webtiles) character file.

8431 nikopol the Fighter (level 11, -6/106 HPs)
             Began as a Gargoyle Berserker on Feb 18, 2017.
             Was a High Priest of Trog.
             Mangled by Gastronok (18 damage)
             ... on level 1 of the Lair of Beasts.
             The game lasted 00:31:44 (11165 turns).

nikopol the Fighter (Gargoyle Berserker)           Turns: 11165, Time: 00:31:44

Health: -6/106     AC: 22    Str: 29    XL:     11   Next: 30%
Magic:  11/11      EV: 15    Int:  8    God:    Trog [*****.]
Gold:   476        SH:  0    Dex: 16    Spells: 0 memorised, 10 levels left

rFire  . . .     SeeInvis .     a - +1 hand axe
rCold  + . .     Gourm    .     L - +0 scale mail
rNeg   + . .     Faith    .     (no shield)
rPois  ∞         Spirit   .     Q - +2 helmet
rElec  +         Reflect  .     t - +0 cloak
rCorr  .         Harm     .     (no gloves)
MR     +....     NoTele   +     C - +0 pair of boots
Stlth  ..........               (no amulet)
                                P - +3 ring of strength
                                M - ring "Jexkyenaut" {-Tele rC+ MR+ Dex+4}

@: berserking, very quick
A: negative energy resistance 1, electricity resistance, unbreathing,
petrification resistance, rot immunity, AC +7
a: Berserk, Trog's Hand, Brothers in Arms, Burn Spellbooks, Renounce Religion


You were on level 1 of the Lair of Beasts.
You worshipped Trog.
Trog was extremely pleased with you.
You were very hungry.

You visited 2 branches of the dungeon, and saw 9 of its levels.
You also visited: Sewer.

You collected 476 gold pieces.

Inventory:

Hand Weapons
 a - a +1 hand axe (weapon)
 q - a +0 war axe
 z - a +0 shortbow
Missiles
 F - 213 arrows (quivered)
Armour
 t - a +0 cloak (worn)
 C - a +0 pair of boots (worn)
 L - a +0 scale mail (worn)
 Q - a +2 helmet (worn)
Jewellery
 f - an uncursed ring of protection from cold
 s - a +2 ring of protection
 w - an uncursed ring of see invisible
 M - the ring "Jexkyenaut" (left hand) {-Tele rC+ MR+ Dex+4}
   (You found it in a sewer)

   [ring of protection from magic]

   It affects your dexterity (+4).
   It protects you from cold.
   It affects your resistance to hostile enchantments.
   It prevents most forms of teleportation.
 P - a +3 ring of strength (right hand)
Wands
 i - a wand of iceblast (5/15)
 m - a wand of digging (18/24)
 G - a wand of polymorph (13/24)
 R - a wand of paralysis (20/24)
Scrolls
 j - 3 scrolls of remove curse
 n - a scroll of fog
 o - 3 scrolls of enchant weapon
 r - 2 scrolls of identify
 u - a scroll of noise
 y - a scroll of random uselessness {unknown}
 I - 2 scrolls of teleportation
Potions
 d - a potion of agility
 e - 10 potions of curing
 g - a potion of invisibility
 l - a potion of beneficial mutation
 p - 2 potions of berserk rage
 v - a potion of brilliance
 x - 2 potions of haste
 D - a potion of cancellation {unknown}
 E - a potion of resistance {unknown}
 H - a potion of lignification {unknown}
 J - 2 potions of degeneration {unknown}
 N - 3 potions of flight
 O - a potion of ambrosia {unknown}
Books
 B - a book of Misfortune

   Spells                             Type                      Level
   a - Confusing Touch                Hexes                        1
   b - Confuse                        Hexes                        3
   c - Gell's Gravitas                Hexes/Translocation          3
   d - Petrify                        Transmutation/Earth          4
   e - Metabolic Englaciation         Hexes/Ice                    5
   f - Yara's Violent Unravelling     Hexes/Transmutation          5
   Trog disapproves of the use of such an item.
 S - a book of Conjurations

   Spells                             Type                      Level
   a - Magic Dart                     Conjuration                  1
   b - Searing Ray                    Conjuration                  2
   c - Dazzling Spray                 Conjuration/Hexes            3
   d - Fulminant Prism                Conjuration/Hexes            4
   e - Iskenderun's Mystic Blast      Conjuration                  4
   f - Iskenderun's Battlesphere      Conjuration/Charms           5
   Trog disapproves of the use of such an item.
Comestibles
 b - a royal jelly
 c - 9 bread rations
 h - 3 beef jerkies
 k - 8 slices of pizza
 A - 2 meat rations
 K - 2 chunks of flesh


   Skills:
 + Level 9.0 Fighting
 * Level 8.6 Axes
 * Level 6.8 Bows
 + Level 8.8 Armour
 + Level 6.4 Dodging


You had 10 spell levels left.
You didn't know any spells.

Dungeon Overview and Level Annotations

Branches:
Dungeon (8/15)             Temple (0/1) D:4            Lair (1/6) D:8

Altars:
Ashenzari
Dithmenos
Elyvilon
Fedhas
Gozag
Kikubaaqudgha
Makhleb
Nemelex Xobeh
Trog
Uskayaw
Xom
The Shining One

Shops:
D:5 [

Annotations:
Lair:1 Gastronok


Innate Abilities, Weirdness & Mutations

You are resistant to torment.
Your stone body is resilient. (AC +7)
You are immune to poison.
You resist negative energy. (rN+)
You are resistant to electric shocks. (rElec)
You can survive without breathing.
You are immune to petrification.
You are immune to rotting.


Message History

The yak misses you.
You slice the yak!!
You feel the power of Trog in you as your rage grows.
You kill the yak!
Trog accepts your kill. The yak misses you. Gastronok bites you!
* * * LOW HITPOINT WARNING * * *
You see here a yak corpse.
Your scale mail prevents you from hitting Gastronok.
You hit the yak. You hit the yak but do no damage. The yak barely misses you.
You slash Gastronok!
Gastronok is lightly wounded.
You closely miss the yak. You barely miss the yak.
The yak gores you but does no damage.
You slash Gastronok!
Gastronok is lightly wounded.
You slash the yak! You barely miss the yak. The yak gores you!
* * * LOW HITPOINT WARNING * * *
The yak misses you. Gastronok bites you!!
You die...

#..................
....
#........#............(
....
#.......##.............
..#.
#...................(..
.##P
#..................(...
##
#.............##.......
#.............###(.....
#..............#w......
#........######@.......
#.......## #YY.......
....... ##.......(
...... P...#.... ###P
...#. ### #...... #####
##


You could see Gastronok and 2 yaks.

Vanquished Creatures
  Sonja (Lair:1)
  Pikel (D:5)
  A black mamba (Lair:1)
  Prince Ribbit (D:5)
  A two-headed ogre (D:7)
  Grinder (D:4)
  6 hippogriffs
  A wyvern (D:8)
  Sigmund (D:6)
  2 hogs (D:7)
  A basilisk (D:8)
  A human (D:7)
  6 yaks
  A water moccasin (Lair:1)
  2 ice beasts (D:7)
  4 orc warriors
  5 sky beasts
  2 slaves (D:5)
  3 centaurs
  3 ogres
  2 crocodiles
  A big kobold (D:7)
  6 bullfrogs
  A scorpion (D:3)
  A howler monkey (D:4)
  4 crimson imps
  3 jellies
  A bullfrog skeleton (D:7)
  2 centaur skeletons
  5 orc priests
  6 hounds
  5 orc wizards
  An iguana (D:7)
  3 worker ants
  A killer bee zombie (D:5)
  Robin (D:3)
  2 howler monkey skeletons (D:8)
  A worker ant zombie (D:8)
  10 adders
  8 gnolls
  2 river rats
  A shadow imp (D:5)
  2 oozes
  2 adder skeletons (D:7)
  2 worms (D:4)
  12 leopard geckos
  36 orcs
  2 ball pythons
  12 giant cockroaches
  12 goblins
  11 hobgoblins
  10 jackals
  10 kobolds
  5 quokkas
  14 bats
  13 frilled lizards
  A jackal zombie (D:5)
  A quokka zombie (D:6)
  20 rats
  11 fungi (D:8)
  2 plants
289 creatures vanquished.

Vanquished Creatures (others)
  An ice beast (D:5)
  A slave (D:5)
  A worker ant (D:5)
  2 adders
  2 orcs (D:5)
  A quokka (D:5)
  4 fungi (D:8)
  A plant (D:8)
13 creatures vanquished.

Grand Total: 302 creatures vanquished

Notes
Turn   | Place    | Note
-------+----------+-------------------------------------------
     0 | D:1      | nikopol the Gargoyle Berserker began the quest for the Orb.
     0 | D:1      | Reached XP level 1. HP: 14/14 MP: 1/1
    84 | D:1      | Reached XP level 2. HP: 10/19 MP: 2/2
   981 | D:2      | Reached XP level 3. HP: 20/23 MP: 3/3
  1027 | D:2      | Found a white marble altar of Elyvilon.
  1375 | D:2      | Reached ** piety under Trog
  1415 | D:2      | Reached XP level 4. HP: 25/29 MP: 4/4
  1534 | D:3      | Found a faded altar of an unknown god.
  1669 | D:3      | Reached skill level 4 in Fighting
  1848 | D:3      | Reached XP level 5. HP: 29/33 MP: 5/5
  1904 | D:3      | Noticed Robin
  1924 | D:3      | Killed Robin
  1924 | D:3      | Reached XP level 6. HP: 11/39 MP: 6/6
  2054 | D:3      | Reached *** piety under Trog
  2506 | D:4      | Found a staircase to the Ecumenical Temple.
  2838 | D:4      | Noticed Grinder
  2842 | D:4      | Paralysed by Grinder for 3 turns
  2867 | D:4      | Paralysed by Grinder for 3 turns
  2873 | D:4      | Paralysed by Grinder for 2 turns
  2881 | D:4      | Killed Grinder
  2881 | D:4      | Reached skill level 5 in Fighting
  2881 | D:4      | Reached XP level 7. HP: 22/44 MP: 7/7
  3435 | D:4      | Reached skill level 5 in Armour
  3514 | D:5      | Entered Level 5 of the Dungeon
  3538 | D:5      | Noticed Pikel
  3551 | D:5      | Killed Pikel
  3551 | D:5      | Reached skill level 6 in Fighting
  3551 | D:5      | Reached skill level 5 in Axes
  3551 | D:5      | Reached XP level 8. HP: 51/51 MP: 8/8
  3760 | D:5      | Reached **** piety under Trog
  4052 | D:5      | Found a glowing drain.
  4079 | Sewer    | Entered a sewer
  4384 | Sewer    | Got a pitted tin ring
  4626 | D:5      | Reached skill level 7 in Fighting
  4626 | D:5      | Reached XP level 9. HP: 37/57 MP: 9/9
  4632 | D:5      | Identified the ring "Jexkyenaut" {-Tele rC+ MR+ Dex+4} (You found it in a sewer)
  4824 | D:5      | Reached skill level 5 in Dodging
  4893 | D:5      | Found a sparkling altar of Nemelex Xobeh.
  4958 | D:5      | Found Sacerr's Armour Emporium.
  4960 | D:5      | Noticed Prince Ribbit
  4980 | D:5      | Killed Prince Ribbit
  4980 | D:5      | Received a gift from Trog
  4980 | D:5      | Reached skill level 1 in Bows
  5396 | D:6      | Noticed Sigmund
  5406 | D:6      | Killed Sigmund
  6194 | D:6      | Found a shimmering altar of Xom.
  6690 | D:7      | Reached XP level 10. HP: 44/64 MP: 10/10
  6807 | D:7      | Found a glowing golden altar of the Shining One.
  6869 | D:7      | Reached skill level 8 in Fighting
  6873 | D:7      | Reached ***** piety under Trog
  7564 | D:7      | Received a gift from Trog
  7907 | D:7      | Found a shattered altar of Ashenzari.
  7908 | D:7      | Found an opulent altar of Gozag.
  7908 | D:7      | Found a bloodstained altar of Trog.
  7908 | D:7      | Found a shadowy altar of Dithmenos.
  7908 | D:7      | Found a blossoming altar of Fedhas.
  7909 | D:7      | Found a hide-covered altar of Uskayaw.
  7982 | D:7      | Reached skill level 5 in Bows
  8287 | D:8      | Found an ancient bone altar of Kikubaaqudgha.
  9338 | D:8      | Found a burning altar of Makhleb.
  9534 | D:8      | Found a staircase to the Lair.
 10016 | D:8      | Received a gift from Trog
 10420 | D:8      | Reached XP level 11. HP: 61/69 MP: 11/11
 10488 | Lair:1   | Entered Level 1 of the Lair of Beasts
 10947 | Lair:1   | Noticed Sonja
 10966 | Lair:1   | Killed Sonja
 11131 | Lair:1   | Noticed Gastronok
 11144 | Lair:1   | Reached skill level 9 in Fighting
 11165 | Lair:1   | Mangled by Gastronok

Skill      XL: |  1  2  3  4  5  6  7  8  9 10 11 |
---------------+----------------------------------+-----
Dodging        | 2 3 4 5 6 |  6.4
Axes           | 3 4 5 6 8 |  8.6
Armour         | 3 4 5 6 7 8 |  8.8
Fighting       | 4 5 6 7 8 9 |  9.0
Bows           | 4 6 |  6.8

Action                   |  1- 3 |  4- 6 |  7- 9 | 10-12 || total
-------------------------+-------+-------+-------+-------++-------
Melee: Hand axe          |   127 |   218 |   370 |   578 ||  1293
 Fire: Shortbow          |       |       |    57 |   182 ||   239
Invok: Berserk           |       |     3 |     4 |     5 ||    12
  Use: Scroll            |       |       |    10 |     6 ||    16
  Eat: Chunk             |     2 |     7 |    18 |    18 ||    45
Armor: Animal skin       |     8 |       |       |       ||     8
       Ring mail         |    60 |   121 |    54 |       ||   235
       Scale mail        |       |       |   189 |   260 ||   449
Dodge: Dodged            |    87 |   145 |   275 |   363 ||   870
